 Dungeon Crawl Stone Soup version 0.30.1-1-g62c8e00024 (webtiles) character file.

Game seed: 6724991410852712476

2702 EWolf27 the Grappler (level 9, -6/74 (85) HPs)
             Began as a Troll Berserker on July 17, 2023.
             Was an Elder of Trog.
             Mangled by a wight
             ... wielding a +2 scimitar
              (13 damage)
             ... on level 7 of the Dungeon.
             The game lasted 00:23:43 (7082 turns).

EWolf27 the Grappler (Troll Berserker)              Turns: 7082, Time: 00:23:43

HP:   -6/74 (85)    AC:  5    Str: 29    XL:     9   Next: 38%
MP:   8/8           EV: 12    Int:  5    God:    Trog [****..]
Gold: 409           SH:  0    Dex: 14    Spells: 8/8 levels left

rFire   + .          .
                       - Unarmed
rCold   + . .        (no shield)
rNeg    . . .        r - +0 robe {rF+}
rPois   +            (helmet restricted)
rElec   .            d - +0 cloak
rCorr   .            (gloves unavailable)
SInv    +            (boots unavailable)
Will    ++...        (no amulet)
Stlth   x              - ring of protection from cold
HPRegen 2.12/turn    E - ring of the Heron {rPois Str+2 Dex+3 SInv Stlth-}
MPRegen 0.11/turn

%: no passive effects
@: strong-willed, regenerating, heavily drained
A: large, unfitting armour, claws 3, regeneration 1, shaggy fur 1, tough skin 1
a: Renounce Religion, Berserk, Trog's Hand, Brothers in Arms


You were on level 7 of the Dungeon.
You worshipped Trog.
Trog was greatly pleased with you.
You visited 2 branches of the dungeon, and saw 9 of its levels.
You also visited: Sewer.

You collected 409 gold pieces.

Inventory:

Hand Weapons
 o - a +2 dagger of draining
 I - a +2 dire flail of freezing
Missiles
 b - 116 stones (quivered)
 f - 3 boomerangs of dispersal
 s - a throwing net
 w - 5 boomerangs
 C - 4 large rocks
Armour
 d - a +0 cloak (worn)
 r - a +0 robe of fire resistance (worn)
Jewellery
 i - a ring of flight
 x - a ring of protection from cold (left claw)
 B - a ring of resist corrosion
 E - the ring of the Heron (right claw) {rPois Str+2 Dex+3 SInv Stlth-}
   (You found it on level 7 of the Dungeon)

   [ring of poison resistance]

   Str:       It affects your strength (+2).
   Dex:       It affects your dexterity (+3).
   rPois:     It protects you from poison.
   SInv:      It lets you see invisible.
   Stlth:     It makes you less stealthy.
Wands
 u - a wand of iceblast (7)
 F - a wand of flame (23)
Scrolls
 c - 6 scrolls of teleportation
 h - 3 scrolls of amnesia {unknown}
 k - a scroll of enchant armour {unknown}
 n - 4 scrolls of silence
 p - a scroll of blinking {unknown}
 q - 2 scrolls of fear {unknown}
 t - a scroll of magic mapping {unknown}
 y - a scroll of brand weapon {unknown}
 z - 2 scrolls of enchant weapon {unknown}
 G - a scroll of fog {unknown}
 H - 2 scrolls of butterflies {unknown}
Potions
 a - 2 potions of curing
 e - 4 potions of cancellation
 g - 4 potions of flight
 l - 3 potions of lignification
 m - 3 potions of degeneration
 v - 2 potions of might {unknown}
 A - a potion of haste {unknown}
 D - a potion of resistance {unknown}


   Skills:
 + Level 4.6 Fighting
 - Level 4.0 Throwing
 + Level 5.2 Dodging
 - Level 0.1 Stealth
 + Level 10.0 Unarmed Combat


You had 8 spell levels left.
You didn't know any spells.
Your spell library was empty.

Dungeon Overview and Level Annotations

Branches:
Dungeon (8/15)             Temple (1/1) D:5           Sewer (visited)
   Lair: D:8-11

Altars:
Ashenzari
Cheibriados
Dithmenos
Elyvilon
Gozag
Nemelex Xobeh
Okawaru
Qazlal
Ru
Sif Muna
Trog
Uskayaw
Vehumet
Wu Jian
Xom
Yredelemnul
Zin
The Shining One

Shops:
D:5 (

Annotations:
D:4 1 runed translucent door, m3rle's ghost, novice HuNe
D:5 2 transporters, McKennaii's ghost, novice DgCj
D:6 5 runed translucent doors


Innate Abilities, Weirdness & Mutations

You are too large for most types of armour.
You have claws for hands.
Your natural rate of healing is unusually fast.
You are covered in fur. (AC +1)
You have tough skin. (AC +1)


Message History

No target in view!
No target in view!
No target in view!
Things that are here:
a +2 dire flail of freezing; a +0 robe
I - a +2 dire flail of freezing You drop a +0 giant club.
There is a stone staircase leading down here.
You climb downwards.
The wight closely misses you. x2
The wight hits you with a +4 long sword.
The wight closely misses you.
The wight hits you with a +4 long sword!
You feel drained.
The wight hits you with a +0 great sword!
There is a stone staircase leading up, spattered with blood here.
The wight hits you with a +2 scimitar. The wight barely misses you.
The wight closely misses you. The wight barely misses you.
You climb upwards.
There is a stone staircase leading down here.
The wight hits you with a +0 great sword!
You feel drained.
The wight hits you with a +4 long sword.
The wight attacks as you move away! The wight barely misses you. x2
The wight attacks as you move away! The wight completely misses you.
The wight attacks as you move away! The wight hits you with a +2 scimitar.
* * * LOW HITPOINT WARNING * * *
You feel drained.
* * * LOW HITPOINT WARNING * * *
The wight attacks as you move away! The wight barely misses you.
Your skin crawls.
You feel strong-willed. The wight hits you with a +2 scimitar!
* * * LOW HITPOINT WARNING * * *
The wight closely misses you.
The wight hits you with a +4 long sword!
* * * LOW HITPOINT WARNING * * *
You feel drained.
* * * LOW HITPOINT WARNING * * *
The wight attacks as you move away! The wight hits you with a +2 scimitar!
You die...

#....### ####..# ##.# ##.##
.......####.....## #..####..#
...##............#####...##...##
...##.....#.......##...........##
....##..########...#.............
'##+###.## #####.........####...
#.....#..####.............# ###.
#.....#..#.....z..........# ##
'##'##'...>....z@.........# #.
...#..#..[.....z..........# ##.
##+#..#..............#....#####..
...#..#..............##..........
_..'..'..............##..........
...#..#.............####.........
##'#..#.............###..........
...#..#.............##...........
'##+##+............##...##.......


You could see 3 wights.

Vanquished Creatures
  The ghost of Martska the Trooper, a novice MiFi of the Shining One (D:6)
  Sigmund (D:3)
  Eustachio (D:4)
  An orc warrior (D:7)
  3 ice beasts
  A sky beast (D:7)
  An ogre (D:4)
  A phantom (D:7)
  2 bullfrogs (D:7)
  3 scorpions
  2 wights (D:7)
  2 howler monkeys
  2 hounds (D:4)
  2 orc priests
  A gnoll bouda (D:7)
  3 iguanas
  Ijyb (D:4)
  2 sleepcaps
  4 orc wizards
  Robin (D:2)
  11 adders
  12 gnolls
  4 river rats (Sewer)
  A shadow imp (D:7)
  2 white imps
  An ufetubus (D:6)
  3 worms (Sewer)
  A dart slug (D:4)
  25 orcs
  8 ball pythons
  A bat skeleton (D:2)
  8 endoplasms
  7 giant cockroaches
  14 goblins
  6 hobgoblins
  9 jackals
  5 quokkas
  2 ball python skeletons (D:2)
  2 ball python zombies (D:2)
  11 bats
  3 frilled lizards
  4 kobolds
  6 rats
181 creatures vanquished.

Notes
Turn   | Place    | Note
-------+----------+-------------------------------------------
     0 | D:1      | EWolf27 the Troll Berserker began the quest for the Orb.
     0 | D:1      | Reached XP level 1. HP: 22/22 MP: 0/0
   373 | D:1      | Reached XP level 2. HP: 29/29 MP: 1/1
   968 | D:2      | Reached XP level 3. HP: 36/36 MP: 2/2
  1086 | D:2      | Reached ** piety under Trog
  1362 | D:2      | Noticed Robin
  1381 | D:2      | Killed Robin
  1382 | D:2      | Reached XP level 4. HP: 20/45 MP: 3/3
  1724 | D:3      | Reached skill level 4 in Unarmed Combat
  1860 | D:3      | Reached XP level 5. HP: 37/46 MP: 4/4
  1952 | D:3      | Noticed Sigmund
  1960 | D:3      | Killed Sigmund
  1961 | D:3      | Reached skill level 5 in Unarmed Combat
  1961 | D:3      | Reached XP level 6. HP: 62/62 MP: 5/5
  2046 | D:3      | Reached *** piety under Trog
  2067 | D:3      | Found a glowing drain.
  2097 | Sewer    | Entered a sewer
  3447 | D:4      | Reached skill level 1 in Throwing
  3447 | D:4      | Reached skill level 6 in Unarmed Combat
  3447 | D:4      | Reached XP level 7. HP: 68/68 MP: 6/6
  3541 | D:4      | Noticed Eustachio
  3571 | D:4      | Killed Eustachio
  3651 | D:4      | Found a shimmering blue altar of Sif Muna.
  3738 | D:4      | Reached **** piety under Trog
  3900 | D:4      | Found an iron altar of Okawaru.
  3965 | D:4      | Noticed Ijyb
  3983 | D:4      | Killed Ijyb
  4069 | D:4      | Found a runed translucent door.
  4071 | D:4      | Noticed m3rle's ghost (novice HuNe)
  4185 | D:5      | Entered Level 5 of the Dungeon
  4187 | D:5      | Reached skill level 7 in Unarmed Combat
  4239 | D:5      | Reached XP level 8. HP: 62/78 MP: 7/7
  4378 | D:5      | Found Osoumyun's Weapon Shop.
  4378 | D:5      | Noticed a +0 rapier
  4459 | D:5      | Found a staircase to the Ecumenical Temple.
  4473 | Temple   | Entered the Ecumenical Temple
  4669 | D:5      | Noticed McKennaii's ghost (novice DgCj)
  4670 | D:5      | Noticed a troll
  4672 | D:5      | Found a transporter.
  4677 | D:5      | Found a transporter.
  4724 | D:6      | Found the +9 staff of Olgreb {rPois∞}
  4765 | D:5      | Noticed a +0 bardiche
  5118 | D:6      | Found a runed translucent gate.
  5118 | D:6      | Found a runed translucent gate.
  5118 | D:6      | Found a runed translucent gate.
  5119 | D:6      | Noticed Martska's ghost (novice MiFi)
  5132 | D:6      | Killed Martska's ghost
  5133 | D:6      | Reached skill level 8 in Unarmed Combat
  5306 | D:6      | Found a sparkling altar of Nemelex Xobeh.
  5367 | D:6      | Found a runed translucent gate.
  5367 | D:6      | Found a runed translucent gate.
  5368 | D:6      | Found a runed translucent door.
  5382 | D:6      | Found a runed translucent gate.
  5385 | D:6      | Found a runed translucent door.
  5599 | D:6      | Found an opulent altar of Gozag.
  5635 | D:6      | Reached skill level 9 in Unarmed Combat
  5719 | D:7      | Reached XP level 9. HP: 59/85 MP: 8/8
  5727 | D:7      | Reached skill level 5 in Dodging
  5793 | D:7      | Identified the ring of the Heron {rPois Str+2 Dex+3 SInv
                  | Stlth-}
  6019 | D:7      | Found a radiant altar of Vehumet.
  6109 | D:7      | Found a glowing golden altar of the Shining One.
  6811 | D:7      | Found a glowing silver altar of Zin.
  7029 | D:7      | Reached skill level 10 in Unarmed Combat
  7082 | D:7      | Mangled by a wight

Illustrated notes

Levels and vault maps discovered:
D:1:      ebering_hopf_link, layout_basic
D:2:      layout_basic, serial_undead, serial_undead_d, serial_undead_a,
          serial_undead_c, serial_undead_e,
          nicolae_concentric_dashed_squares_mild, interstate_on_off, uniq_robin
D:3:      layout_basic, gup_sewer_entry_glass, uniq_sigmund
D:4:      layout_cave_pools, mainiacjoe_overflow_alcove_2, marbit_many_paths,
          gammafunk_ghost_grave, kennysheep_generic_room_14, uniq_eustachio,
          uniq_ijyb
D:5:      layout_rooms, minmay_temple_entry_poolview, gammafunk_ghost_arena,
          serial_shops, nicolae_shop_mannequins
D:6:      layout_rooms, nemelex_spade_bored_becter, lemuel_doored_altar,
          ebering_ghost_rock_garden, kennysheep_donut, nrook_loot_triangle,
          minmay_guarded_unrand_staff_of_olgreb
D:7:      layout_layer_cave, zin_statuary, mainiacjoe_overflow_boulevard,
          mainiacjoe_overflow_24_doors
D:8:      layout_rooms, mainiacjoe_overflow_cross_hatched,
          gammafunk_temple_overflow_wave, serial_shops,
          nicolae_shop_pleasant_corner_grove
Temple:   chequers_temple_sunken

Skill      XL: |  1  2  3  4  5  6  7  8  9 |
---------------+----------------------------+-----
Fighting       | 3 4 |  4.6
Unarmed Combat | 4 5 6 7 9 10 | 10.0
Dodging        | 3 4 5 |  5.2
Throwing       | 1 2 3 4 |  4.0
Stealth        | |  0.1

Action                     |  1- 3 |  4- 6 |  7- 9 || total
---------------------------+-------+-------+-------++-------
  Melee: Unarmed           |    69 |   224 |   194 ||   487
         Punch             |     1 |     4 |     6 ||    11
  Throw: Stone             |       |     2 |       ||     2
 Invoke: Berserk           |     1 |     3 |     2 ||     6
         Trog's Hand       |       |       |     1 ||     1
    Use: Scroll            |       |     4 |     1 ||     5
   Stab: Sleeping          |       |       |     1 ||     1
 Armour: Animal skin       |    28 |    42 |       ||    70
         Robe              |       |    78 |    40 ||   118
  Dodge: Dodged            |    42 |   146 |   100 ||   288
